 Dungeon Crawl Stone Soup version 0.31.0-32-g396128a36d (webtiles) character file.

Game seed: 17627629186489064007

49 Heoruswealwe the Shooter (level 3, -1/22 HPs)
             Began as a Tengu Hunter on Mar 21, 2024.
             Slain by Terence
             ... wielding a +0 mace
              (7 damage)
             ... on level 2 of the Dungeon.
             The game lasted 00:09:52 (1372 turns).

Heoruswealwe the Shooter (Tengu Hunter)             Turns: 1372, Time: 00:09:53

Health: -1/22      AC:  3    Str: 11    XL:     3   Next: 75%
Magic:  4/4        EV: 13    Int:  9    God:
Gold:   100        SH:  0    Dex: 19    Spells: 2/2 levels left

rFire   . . .        a - +0 shortbow
rCold   . . .        (shield currently unavailable)
rNeg    . . .        c - +0 leather armour
rPois   .            (helmet restricted)
rElec   .            (no cloak)
rCorr   .            (no gloves)
SInv    .            (boots unavailable)
Will    .....        (no amulet)
Stlth   ++           (no ring)
HPRegen 0.23/turn    (no ring)
MPRegen 0.09/turn

%: acrobat
@: no status effects
A: beak, talons 3, acrobatic
a: no special abilities


You were on level 2 of the Dungeon.
You visited 1 branch of the dungeon, and saw 2 of its levels.

You collected 100 gold pieces.

Inventory:

Hand Weapons
 a - a +0 shortbow (weapon)
Armour
 c - a +0 leather armour (worn)
Scrolls
 f - a scroll of teleportation {unknown}
 h - 2 scrolls of revelation {unknown}
 i - a scroll of silence {unknown}
Potions
 b - a potion of enlightenment {unknown}
 d - a potion of might {unknown}
 e - a potion of degeneration {unknown}
 g - a potion of invisibility {unknown}
 j - a potion of cancellation {unknown}
 k - a potion of heal wounds {unknown}


   Skills:
 + Level 2.5 Fighting
 * Level 5.1 Ranged Weapons
 + Level 2.9 Dodging
 - Level 1.0 Stealth


You had 2 spell levels left.
You didn't know any spells.
Your spell library contained the following spells:

 Spells                   Type           Power      Damage    Failure   Level
 Summon Small Mammal      Summ           0%         N/A       47%         1


Dungeon Overview and Level Annotations

Branches:
Dungeon (2/15)

Altars:

Annotations:
D:2 Terence


Innate Abilities, Weirdness & Mutations

You have a beak for a mouth.
You have claws for feet.
You can magically evade attacks while moving or waiting.


Message History

Terence hits you with a +0 mace.
You shoot an arrow.
The arrow hits Terence but does no damage.
Terence is lightly wounded.
Terence closely misses you. x2
You shoot an arrow. The arrow hits Terence.
Terence is moderately wounded.
Terence hits you with a +0 mace.
You shoot an arrow. The arrow barely misses Terence.
The arrow hits the frilled lizard.
You kill the frilled lizard!
The rat twitches its whiskers.
Terence closely misses you.
You shoot an arrow.
The arrow hits Terence but does no damage.
Terence is moderately wounded.
Terence hits you with a +0 mace.
You are too injured to fight recklessly!
You are too injured to fight recklessly!
You are too injured to fight recklessly!
You are too injured to fight recklessly!
You are too injured to fight recklessly!
You are too injured to fight recklessly!
You are too injured to fight recklessly!
Fire: a) +0 shortbow
Press: ? - help, Q - select action Shift-Dir - straight line, f/p - Terence
Aim: Terence, wielding a +0 mace and wearing a +3 chain mail of poison resistance (moderately wounded, 71% to hit)
You shoot an arrow. The arrow closely misses Terence.
The arrow hits the rat.
The rat is severely wounded.
Terence closely misses you.
Fire: a) +0 shortbow
Press: ? - help, Q - select action Shift-Dir - straight line, f/p - Terence
Aim: Terence, wielding a +0 mace and wearing a +3 chain mail of poison resistance (moderately wounded, 71% to hit)
You shoot an arrow. The arrow hits Terence.
Terence is heavily wounded.
Terence hits you with a +0 mace.
* * * LOW HITPOINT WARNING * * *
Terence hits you with a +0 mace!
You die...
Terence says, "That felt goooood."

######### #####
........######## #...#
.........r@@...# #...#
........######.#######...#
....................##...#
................†...##.[.###
......@.....................
........######'#....##)...#.
......rl# #.#....##....#.
...............#....##...##.
#####...########.#####...##.


You could see Terence and a rat.

Vanquished Creatures
  An adder (D:2)
  3 ball pythons
  8 endoplasms
  5 goblins
  7 hobgoblins
  3 quokkas (D:1)
  2 bats (D:1)
  A frilled lizard (D:2)
  2 kobolds (D:1)
  2 rats
34 creatures vanquished.

Notes
Turn   | Place    | Note
-------+----------+-------------------------------------------
     0 | D:1      | Heoruswealwe the Tengu Hunter began the quest for the Orb.
     0 | D:1      | Reached XP level 1. HP: 12/12 MP: 2/2
     9 | D:1      | Noticed a komodo dragon
     9 | D:1      | Noticed a hound
     9 | D:1      | Noticed a scorpion
    10 | D:1      | Noticed a brain worm
    10 | D:1      | Noticed a swamp drake
   130 | D:1      | Reached XP level 2. HP: 17/17 MP: 3/3
   357 | D:1      | Found a faded altar of an unknown god.
   372 | D:1      | Got Plato's Almanac of Accompaniment
   669 | D:1      | Reached XP level 3. HP: 22/22 MP: 4/4
   945 | D:1      | Reached skill level 5 in Ranged Weapons
  1350 | D:2      | Noticed Terence
  1372 | D:2      | Slain by Terence

Illustrated notes

Levels and vault maps discovered:
D:1:      onia_arrival_zoo_common, layout_loops_corners,
          shapermc_ecumenical_altar_rom_forum, minmay_hedge_maze, st_stairs_10
D:2:      layout_basic, grunt_decor_mini_mirrors, uniq_natasha, uniq_terence

Skill      XL: |  1  2  3 |
---------------+----------+-----
Ranged Weapons | 5 |  5.1
Fighting       | |  2.5
Dodging        | |  2.9
Stealth        | |  1.0

Action                     || total
---------------------------++-------
   Fire: Shortbow          ||   138
 Armour: Leather armour    ||    30
  Dodge: Dodged            ||    49
